 Dungeon Crawl Stone Soup version 0.31.0-11-ge490571c62 (webtiles) character file.

Game seed: 8916395347843953590

27775 ezpacito the Cleaver (level 13, -5/144 HPs)
             Began as a Demonspawn Berserker on Jan 30, 2024.
             Was a High Priest of Trog.
             Slain by a skeletal warrior
             ... wielding a +0 glaive
              (18 damage)
             ... on level 14 of the Dungeon.
             The game lasted 00:28:50 (14963 turns).

ezpacito the Cleaver (Demonspawn Berserker)        Turns: 14963, Time: 00:28:50

Health: -5/144     AC: 15    Str: 24    XL:     13   Next: 6%
Magic:  13/13      EV: 18    Int:  8    God:    Trog [*****.]
Gold:   744        SH:  5    Dex: 17    Spells: 12/12 levels left

rFire   . . .        v - +9 executioner's axe (elec)
rCold   . . .        (shield currently unavailable)
rNeg    . . .        C - +3 leather armour of Fedghuynk {Fly Str+3 Dex+3}
rPois   .            (no helmet)
rElec   .            X - +1 cloak
rCorr   .            u - +1 pair of gloves
SInv    .            (no boots)
Will    +....        r - amulet of reflection Stlth
                     c - ring of willpower
HPRegen 0.44/turn    F - +4 ring of protection
MPRegen 0.13/turn

%: reflection
@: berserking (expiring), on fire, flying, glowing, studying Stealth, very quick
A: hooves 2, repulsion field 2, ignite blood 2, spiny 1
a: Renounce Religion, Berserk, Trog's Hand, Brothers in Arms


You were on level 14 of the Dungeon.
You worshipped Trog.
Trog was extremely pleased with you.
You visited 2 branches of the dungeon, and saw 15 of its levels.
You also visited: Bailey.

You collected 806 gold pieces.
You spent 62 gold pieces at shops.

Inventory:

Hand Weapons
 b - a +0 sling
 v - a +9 executioner's axe of electrocution (weapon)
 S - a +1 demon trident of flaming
 T - a +0 broad axe of draining
Missiles
 f - 33 poisoned darts
 i - 28 javelins
 l - 160 stones (quivered)
 o - 2 atropa-tipped darts
 A - a throwing net
 I - 4 datura-tipped darts
 J - 2 curare-tipped darts
 L - 12 boomerangs
Armour
 u - a +1 pair of gloves (worn)
 C - the +3 leather armour of Fedghuynk (worn) {Fly Str+3 Dex+3}
   (You found it on level 9 of the Dungeon)

   Str+3:     It affects your strength (+3).
   Dex+3:     It affects your dexterity (+3).
   Fly:       It grants you flight.
 Q - a +0 plate armour
 X - a +1 cloak (worn)
Jewellery
 c - a ring of willpower (left hand)
 h - a +6 ring of dexterity
 k - a ring of resist corrosion
 r - an amulet of reflection (around neck)
 B - a ring of flight
 E - a ring of protection from fire
 F - a +4 ring of protection (right hand)
 H - a ring of magical power
 K - a ring of protection from fire
 N - an amulet of guardian spirit
Talismans
 d - a serpent talisman
 P - a beast talisman
Wands
 g - a wand of paralysis (8)
 n - a wand of mindburst (17)
 G - a wand of flame (37)
 W - a wand of digging (5)
Scrolls
 e - a scroll of immolation
 p - 4 scrolls of teleportation
 s - a scroll of poison
 R - 2 scrolls of fog
Potions
 a - a potion of mutation
 q - a potion of cancellation {unknown}
 t - a potion of heal wounds {unknown}
 w - 2 potions of lignification
 D - a potion of attraction
 M - 2 potions of enlightenment
 O - a potion of might
 U - a potion of resistance
 V - a potion of magic


   Skills:
 * Level 7.4 Fighting
 + Level 2.1 Short Blades
 * Level 11.8 Axes
 * Level 5.4 Ranged Weapons
 * Level 4.1 Throwing
 * Level 6.0 Armour
 * Level 6.2 Dodging
 * Level 7.9 Stealth
 - Level 3.0 Shields
 * Level 5.4 Unarmed Combat
 * Level 5.8 Evocations
 * Level 4.7 Shapeshifting


You had 12 spell levels left.
You didn't know any spells.
Your spell library contained the following spells:

 Spells                   Type           Power      Damage    Failure   Level
 Foxfire                  Conj/Fire      0%         2x1d4     43%         1
 Freeze                   Ice            0%         1d3       43%         1
 Kiss of Death            Conj/Necr      0%         2d5       43%         1
 Necrotise                Necr           0%         1d4       43%         1
 Sandblast                Erth           0%         2d4       43%         1
 Slow                     Hex            0%         N/A       43%         1
 Ensorcelled Hibernation  Hex/Ice        0%         N/A       58%         2
 Momentum Strike          Conj/Tloc      0%         3d8       58%         2
 Searing Ray              Conj           0%         2d4       58%         2
 Sublimation of Blood     Necr           0%         N/A       58%         2
 Call Canine Familiar     Summ           0%         N/A       82%         3
 Confusing Touch          Hex            0%         N/A       82%         3
 Passwall                 Erth           0%         N/A       82%         3
 Sigil of Binding         Hex            0%         N/A       82%         3
 Swiftness                Air            0%         N/A       82%         3
 Tukima's Dance           Hex            0%         N/A       82%         3
 Vampiric Draining        Necr           0%         2d6       82%         3
 Animate Dead             Necr           0%         N/A       99%         4
 Cause Fear               Hex            0%         N/A       99%         4
 Dimensional Bullseye     Hex/Tloc       0%         N/A       99%         4
 Dispel Undead            Necr           0%         3d6       99%         4
 Iskenderun's Mystic Bla  Conj/Tloc      0%         2d3       99%         4
 Martyr's Knell           Necr/Summ      0%         N/A       99%         4
 Passage of Golubria      Tloc           0%         N/A       99%         4
 Petrify                  Alch/Erth      0%         N/A       99%         4
 Curse of Agony           Necr           0%         N/A       100%        5
 Fireball                 Conj/Fire      0%         3d3       100%        5
 Irradiate                Conj/Alch      0%         3d11      100%        5
 Iskenderun's Battlesphe  Conj           0%         2d6       100%        5
 Silence                  Hex/Air        0%         N/A       100%        5
 Haunt                    Necr/Summ      0%         N/A       100%        7
 Infestation              Necr           0%         N/A       100%        8
 Lehudib's Crystal Spear  Conj/Erth      0%         10d2      100%        8
 Dragon's Call            Summ           0%         N/A       100%        9
 Shatter                  Erth           0%         3d5*      100%        9


Dungeon Overview and Level Annotations

Branches:
Dungeon (14/15)            Temple (1/1) D:4            Lair (0/5) D:11
    Orc (0/2) D:10         Vaults (0/5) D:14         Bailey (visited)

Altars:
Ashenzari
Cheibriados
Dithmenos
Fedhas
Gozag
Hepliaklqana
Kikubaaqudgha
Makhleb
Nemelex Xobeh
Okawaru
Qazlal
Ru
Sif Muna
Trog
Uskayaw
Vehumet
Wu Jian
Xom
Yredelemnul

Shops:
D:2 *   D:6 (   D:7 (   D:12 *


Innate Abilities, Weirdness & Mutations

You have hoof-like feet.
You are surrounded by a moderate repulsion field. (EV +3)
Your demonic aura often causes spilled blood to erupt in flames.
You are partially covered in sharp spines.


Message History

You slice the skeletal warrior!!
Lightning courses through the skeletal warrior!!
You destroy the skeletal warrior!
Trog accepts your kill.
You slash the skeletal warrior! The liquid fire burns you!
The skeletal warrior closely misses you.
Your Armour skill increases to level 6!
You shake off some of the fire as you move.
The liquid fire burns you!
The skeletal warrior hits you with a +0 glaive!!
* * * LOW HITPOINT WARNING * * *
The skeletal warrior misses you.
The skeletal warrior closely misses you.
The skeletal warrior hits you with a +0 battleaxe.
* * * LOW HITPOINT WARNING * * *
You slice the skeletal warrior!!
Lightning courses through the skeletal warrior!!
You kick the skeletal warrior, but do no damage.
The skeletal warrior is almost destroyed.
You closely miss the skeletal warrior. x2
The liquid fire burns you!
* * * LOW HITPOINT WARNING * * *
The skeletal warrior hits you but does no damage.
The skeletal warrior hits you with a +0 glaive!
* * * LOW HITPOINT WARNING * * *
The skeletal warrior hits you with a +0 battleaxe!
* * * LOW HITPOINT WARNING * * *
Unknown command.
You slice the skeletal warrior!!
You destroy the skeletal warrior!
Trog accepts your kill.
You barely miss the skeletal warrior. You slice the skeletal warrior!!
Lightning courses through the skeletal warrior!
You destroy the skeletal warrior!
Trog accepts your kill. The liquid fire burns you!
* * * LOW HITPOINT WARNING * * *
The skeletal warrior hits you with a +0 glaive!!
You die...

#.......#
#.#.#######.
#.......# #.#
#.......
#.......# #<#
#.#####.
#.......# #.#
#.# #<
#.......#####.#
#.######
#.......'.....#
#.......
#.......#######
########
#####'#######..
#....°@.z.e...
#....))z......
#.............
#......./..!..
#.............
#.............
###...<...##..
#....##.# ##


You could see 2 skeletal warriors and a deep elf pyromancer.

Vanquished Creatures
  A hydra (D:14)
  2 two-headed ogres
  2 centaur warriors (D:14)
  Urug (D:12)
  7 skeletal warriors
  6 ugly things
  4 manticores
  5 cyclopes
  A meliai (shapeshifter) (D:14)
  A gargoyle (D:10)
  An unseen horror zombie (D:8)
  A rime drake (D:11)
  An unseen horror (shapeshifter) (D:14)
  2 tengu conjurers (D:13)
  An efreet (D:14)
  A komodo dragon (D:11)
  A polar bear (D:11)
  3 trolls
  A polar bear (shapeshifter) (D:13)
  A hornet (D:9)
  A blink frog (shapeshifter) (D:14)
  Prince Ribbit (D:6)
  A slime creature (shapeshifter) (D:14)
  8 slime creatures
  A shadow (D:13)
  3 wraiths (D:10)
  A wyvern (D:11)
  13 yaks
  A steam dragon (D:8)
  4 vampire mosquitoes (D:11)
  Edmund (D:5)
  4 acid dragons
  Duvessa (D:5)
  2 water moccasins (D:8)
  4 laughing skulls (D:13)
  9 orc warriors
  A black bear (D:5)
  6 ice beasts
  2 ogres (D:4)
  3 sky beasts
  16 centaurs
  A wolf (D:11)
  A tengu (shapeshifter) (D:14)
  3 phantoms
  2 kobold brigands
  2 bullfrogs (D:8)
  Blork the orc (D:6)
  2 gnoll sergeants
  2 scorpions
  A wyvern zombie (D:8)
  4 wights (D:7)
  Dowan (D:5)
  A jelly (D:6)
  6 killer bees (D:9)
  4 howler monkeys (D:7)
  3 centaur zombies (D:8)
  5 orc priests
  2 bombardier beetles
  A hound (D:6)
  A sleepcap (D:6)
  An iguana (D:7)
  10 orc wizards
  3 killer bee zombies (D:8)
  A howler monkey zombie (D:8)
  7 gnolls
  7 adders
  A shadow imp (D:7)
  A white imp (D:6)
  2 ufetubi (D:6)
  3 dart slugs
  2 ribbon worms
  62 orcs
  8 ball pythons
  4 bats
  6 endoplasms
  4 giant cockroaches
  7 goblins
  11 hobgoblins
  8 kobolds
  A quokka (D:3)
  3 frilled lizards (D:1)
  5 rats
326 creatures vanquished.

Vanquished Creatures (others)
  An orc (Bailey)
1 creature vanquished.

Grand Total: 327 creatures vanquished

Notes
Turn   | Place    | Note
-------+----------+-------------------------------------------
     0 | D:1      | ezpacito the Demonspawn Berserker began the quest for the
                  | Orb.
     0 | D:1      | Reached XP level 1. HP: 18/18 MP: 1/1
   139 | D:1      | Gained mutation: You have large cloven feet. [demonic
                  | ancestry]
   139 | D:1      | Reached XP level 2. HP: 21/24 MP: 2/2
   200 | D:1      | Reached skill level 3 in Axes
   472 | D:1      | Found a faded altar of an unknown god.
   839 | D:2      | Gained mutation: Your demonic aura sometimes causes spilled
                  | blood to erupt in flames. [demonic ancestry]
   839 | D:2      | Reached XP level 3. HP: 24/29 MP: 3/3
   963 | D:2      | Reached ** piety under Trog
  1034 | D:2      | Found Rudukhim's General Store.
  1041 | D:2      | Bought a scroll of identify for 24 gold pieces
  1176 | D:2      | Reached skill level 1 in Stealth
  1424 | D:3      | Got Incantation for Rookies
  1453 | D:3      | Reached XP level 4. HP: 35/35 MP: 4/4
  1485 | D:3      | Found a shadowy altar of Dithmenos.
  1953 | D:3      | Identified the +3 leather armour of Ennui {Slay+5}
  2217 | D:4      | Found a staircase to the Ecumenical Temple.
  2230 | Temple   | Entered the Ecumenical Temple
  2594 | D:4      | Noticed an ogre
  2599 | D:4      | Killed an ogre
  2600 | D:4      | Reached skill level 4 in Axes
  2600 | D:4      | Gained mutation: You are surrounded by a mild repulsion
                  | field. (EV +2) [demonic ancestry]
  2600 | D:4      | Reached XP level 5. HP: 42/42 MP: 5/5
  2867 | D:4      | Noticed an ogre
  2875 | D:4      | Killed an ogre
  2876 | D:4      | Reached skill level 1 in Unarmed Combat
  2876 | D:4      | Reached skill level 1 in Evocations
  2876 | D:4      | Reached XP level 6. HP: 48/48 MP: 6/6
  3090 | D:5      | Entered Level 5 of the Dungeon
  3151 | D:5      | Reached skill level 1 in Short Blades
  3213 | D:5      | Reached skill level 1 in Shields
  3274 | D:5      | Reached *** piety under Trog
  3326 | D:5      | Noticed Duvessa
  3328 | D:5      | Noticed Dowan
  3331 | D:5      | Killed Duvessa
  3332 | D:5      | Reached skill level 1 in Shapeshifting
  3332 | D:5      | Reached XP level 7. HP: 50/53 MP: 7/7
  3337 | D:5      | Killed Dowan
  3338 | D:5      | Reached skill level 1 in Throwing
  3689 | D:5      | Noticed Edmund
  3699 | D:5      | Reached skill level 5 in Axes
  3699 | D:5      | Reached skill level 1 in Ranged Weapons
  3702 | D:5      | Killed Edmund
  4236 | D:6      | Found Wonut's Antique Weapon Emporium.
  4244 | D:6      | Noticed Blork the orc
  4253 | D:6      | Killed Blork the orc
  4460 | D:6      | Gained mutation: You have hoof-like feet. [demonic
                  | ancestry]
  4460 | D:6      | Reached XP level 8. HP: 56/60 MP: 8/8
  4560 | D:6      | Noticed Prince Ribbit
  4564 | D:6      | Killed Prince Ribbit
  4931 | D:7      | Reached skill level 6 in Axes
  5032 | D:7      | Found Zucuw's Weapon Boutique.
  5217 | D:7      | Found a shimmering blue altar of Sif Muna.
  5266 | D:7      | Gained mutation: Your demonic aura often causes spilled
                  | blood to erupt in flames. [demonic ancestry]
  5266 | D:7      | Reached XP level 9. HP: 66/66 MP: 9/9
  5753 | D:8      | Reached skill level 7 in Axes
  5916 | D:8      | Found a basalt altar of Yredelemnul.
  5918 | D:8      | Reached **** piety under Trog
  5926 | D:8      | Gained mutation: You are partially covered in sharp spines.
                  | [demonic ancestry]
  5926 | D:8      | Reached XP level 10. HP: 65/73 MP: 10/10
  5959 | D:8      | Reached skill level 5 in Fighting
  6917 | D:9      | Found a flagged portal.
  6930 | Bailey   | Entered a bailey
  7190 | Bailey   | Reached skill level 8 in Axes
  8468 | Bailey   | Got Yfeluzul's Handbook of Violent Quicksand
  9112 | D:9      | Reached skill level 5 in Stealth
  9346 | D:9      | Identified the +3 leather armour of Fedghuynk {Fly Str+3
                  | Dex+3}
  9432 | D:9      | Found an ornate altar of the Wu Jian Council.
  9468 | D:9      | Found a blossoming altar of Fedhas.
  9833 | D:10     | Entered Level 10 of the Dungeon
  9855 | D:10     | Found a staircase to the Orcish Mines.
  9925 | D:10     | Noticed a gargoyle
  9931 | D:10     | Killed a gargoyle
 10192 | D:10     | Found a sacrificial altar of Ru.
 10306 | D:10     | Found a broken altar of Ashenzari.
 10311 | D:10     | Reached XP level 11. HP: 63/80 MP: 11/11
 10696 | D:11     | Reached ***** piety under Trog
 10708 | D:11     | Found a staircase to the Lair.
 10711 | D:11     | Reached skill level 9 in Axes
 10715 | D:11     | Noticed a two-headed ogre
 10726 | D:11     | Killed a two-headed ogre
 10727 | D:11     | Reached skill level 5 in Dodging
 11694 | D:11     | Found an iron altar of Okawaru.
 11883 | D:12     | Noticed a two-headed ogre
 11884 | D:12     | Found Lietua's CLEARANCE SALE!.
 11892 | D:12     | Killed a two-headed ogre
 11893 | D:12     | Reached skill level 5 in Armour
 11944 | D:12     | Bought a scroll of brand weapon for 38 gold pieces
 12082 | D:12     | Reached skill level 10 in Axes
 12201 | D:12     | Noticed Urug
 12212 | D:12     | Killed Urug
 12559 | D:12     | Noticed a skeletal warrior
 12562 | D:12     | Noticed a skeletal warrior
 12565 | D:12     | Noticed a skeletal warrior
 12566 | D:12     | Killed a skeletal warrior
 12567 | D:12     | Noticed a skeletal warrior
 12572 | D:12     | Killed a skeletal warrior
 12572 | D:12     | Killed a skeletal warrior
 12573 | D:12     | Reached skill level 5 in Evocations
 12573 | D:12     | Gained mutation: You are surrounded by a moderate repulsion
                  | field. (EV +3) [demonic ancestry]
 12573 | D:12     | Reached XP level 12. HP: 83/89 MP: 12/12
 13130 | D:13     | HP: 4/89 [manticore/volley of spikes (13)]
 13440 | D:13     | Reached skill level 11 in Axes
 13630 | D:13     | Found a stormy altar of Qazlal.
 13649 | D:13     | Reached skill level 5 in Ranged Weapons
 13859 | D:13     | Reached skill level 5 in Unarmed Combat
 14158 | D:14     | Noticed a seven-headed hydra
 14170 | D:14     | Killed a seven-headed hydra
 14290 | D:14     | Found an ancient bone altar of Kikubaaqudgha.
 14325 | D:14     | Noticed a centaur warrior
 14331 | D:14     | Killed a centaur warrior
 14507 | D:14     | Found a gate to the Vaults.
 14773 | D:14     | Reached XP level 13. HP: 96/96 MP: 13/13
 14963 | D:14     | Slain by a skeletal warrior

Illustrated notes

Levels and vault maps discovered:
D:1:      dpeg_arrival_shrine, layout_basic, shapermc_ecumenical_altar_acropolis
D:2:      layout_rooms, serial_shops, shop, minmay_misc_feat_five,
          kennysheep_generic_room_15
D:3:      layout_basic, nicolae_dithmenos_shadow_blocks,
          mainiacjoe_overflow_surrounded_room, grunt_ministairs_10,
          hangedman_glass_teeth
D:4:      layout_basic, minmay_temple_entry_ruins, serial_bayou_pond_d,
          dreamdust_princess_corridor
D:5:      layout_basic, uniq_edmund, uniq_duvessa
D:6:      layout_basic, serial_shops, nicolae_diamond_shop, uniq_prince_ribbit1,
          uniq_blork_the_orc
D:7:      layout_cave_pools, marbit_many_paths, serial_shops,
          kennysheep_little_box, minmay_manual_mail
D:8:      layout_basic, mainiacjoe_overflow_concentric_impassable,
          nicolae_yredelemnul_corpse_copse, minmay_misc_feat_nine_boxes
D:9:      layout_basic, old_standard_altar, old_standard_altar,
          nicolae_elyvilon_temple_path, enter_bailey_2
D:10:     layout_small_grid, evilmike_ruin_ashenzari, kennysheep_mini,
          orc_0_dummy
D:11:     layout_long_grid, hellmonk_lair_entry_icy, okawaru_ov_weapons_minmay
D:12:     layout_loops_ring, nicolae_shop_clearance, uniq_urug
D:13:     layout_irregular_city, nicolae_qazlal_style_of_elements
D:14:     layout_basic, david_vaults_2, eino_curves_03,
          nicolae_kikubaaqudgha_miasma_corner
Temple:   nicolae_temple_x_marks_the_god

Skill      XL: |  1  2  3  4  5  6  7  8  9 10 11 12 13 |
---------------+----------------------------------------+-----
Axes           | 3 4 5 6 7 8 10 11 | 11.8
Dodging        | 2 3 4 5 6 |  6.2
Armour         | 2 3 4 5 6 |  6.0
Stealth        | 1 2 4 5 6 7 |  7.9
Unarmed Combat | 1 2 3 4 5 |  5.4
Evocations     | 1 2 3 4 5 |  5.8
Short Blades   | 1 2 |  2.1
Shields        | 1 2 3 |  3.0
Shapeshifting  | 1 2 3 4 |  4.7
Throwing       | 1 2 3 4 |  4.1
Fighting       | 4 5 6 7 |  7.4
Ranged Weapons | 1 2 3 4 5 |  5.4

Action                     |  1- 3 |  4- 6 |  7- 9 | 10-12 | 13-15 || total
---------------------------+-------+-------+-------+-------+-------++-------
  Melee: Hand axe          |   119 |    77 |    36 |       |       ||   232
         Kick              |    16 |    23 |    55 |    91 |     4 ||   189
         War axe           |       |       |   120 |    73 |       ||   193
         Executioner's axe |       |       |       |   195 |     8 ||   203
 Invoke: Berserk           |     1 |     2 |     6 |    10 |     1 ||    20
         Trog's Hand       |       |       |       |     1 |       ||     1
  Evoke: Wand              |       |       |       |    27 |       ||    27
    Use: Scroll            |     3 |     4 |     5 |    18 |       ||    30
         Potion            |       |       |     1 |     7 |       ||     8
   Stab: Sleeping          |       |     2 |     6 |     9 |       ||    17
         Distracted        |       |       |       |     1 |       ||     1
 Armour: Animal skin       |    30 |       |       |       |       ||    30
         Scale mail        |    40 |    13 |       |       |       ||    53
         Chain mail        |       |     3 |       |       |       ||     3
         Leather armour    |       |    11 |    76 |   238 |    16 ||   341
  Dodge: Dodged            |    59 |    19 |    90 |   334 |     6 ||   508
  Block: Buckler           |    24 |    33 |    89 |   109 |       ||   255
         Reflection        |       |       |     1 |     3 |     2 ||     6
         Other             |       |       |       |    51 |     4 ||    55
